 Dungeon Crawl Stone Soup version 0.28-a0-595-g9f6c0e134a (webtiles) character file.

Game seed: 11636339618686996765

2 lawman0 the Sneak (level 1, -1/13 HPs)
             Began as a Deep Elf Delver on Oct 4, 2021.
             Slain by an ice beast (8 damage)
             ... on level 5 of the Dungeon.
             The game lasted 00:00:15 (132 turns).

lawman0 the Sneak (Deep Elf Delver)                  Turns: 132, Time: 00:00:15

Health: -1/13      AC:  3    Str:  9    XL:     1   Next: 33%
Magic:  3/3        EV: 12    Int: 14    God:
Gold:   9          SH:  0    Dex: 16    Spells: 0/0 levels left

rFire   . . .      SeeInvis .   a - +0 short sword
rCold   . . .      Faith    .   (no shield)
rNeg    . . .      Spirit   .   b - +0 leather armour
rPois   .          Reflect  .   (no helmet)
rElec   .          Harm     .   (no cloak)
rCorr   .          Rampage  .   (no gloves)
Will    .....                   (no boots)
Stlth   +++.......              (no amulet)
HPRegen 0.04/turn               (no ring)
MPRegen 0.08/turn               (no ring)

@: no status effects
A: no striking features
a: no special abilities


You were on level 5 of the Dungeon.
You visited 1 branch of the dungeon, and saw 1 of its levels.

You collected 9 gold pieces.

Inventory:

Hand Weapons
 a - a +0 short sword (weapon)
Armour
 b - a +0 leather armour (worn)
Wands
 g - a wand of digging (3)
Scrolls
 c - a scroll of fog
 e - a scroll of fear
Potions
 f - a potion of haste


   Skills:
 + Level 2.4 Fighting
 + Level 2.0 Short Blades
 + Level 2.4 Dodging
 + Level 6.2 Stealth


You couldn't memorise any spells.
You didn't know any spells.
Your spell library contained the following spells:

 Spells                   Type           Power      Damage    Failure   Level
 Beastly Appendage        Tmut           0%         N/A       38%         1
 Wereblood                Tmut           0%         N/A       52%         2
 Spider Form              Tmut/Pois      0%         N/A       77%         3


Dungeon Overview and Level Annotations

Branches:
Dungeon (5/15)
 Temple: D:4-7

Altars:


Message History

The dart slug is severely wounded.
The dart slug closely misses you.
You hit the dart slug but do no damage.
The dart slug is severely wounded.
The dart slug launches a dart at you. The slug dart misses you.
You hit the dart slug.
The dart slug is almost dead.
The dart slug launches a dart at you.
The slug dart hits you but does no damage.
You hit the dart slug.
You kill the dart slug!
No target in view!
No target in view!
An ice beast comes into view.
You pick up a book of Changes and begin reading...
You add the spells Beastly Appendage, Wereblood and Spider Form to your library.
As you read the scroll of magic mapping, it crumbles to dust.
You feel aware of your surroundings.
You sensed 1 altar.
The ice beast closely misses you.
The ice beast hits you but does no damage.
The ice beast misses you.
You barely miss the ice beast. The ice beast closely misses you.
You hit the ice beast but do no damage. The ice beast closely misses you.
You closely miss the ice beast. The ice beast closely misses you.
You hit the ice beast but do no damage.
The ice beast hits you but does no damage.
Unknown command.
You barely miss the ice beast.
The ice beast hits you but does no damage.
Unknown command.
You hit the ice beast.
The ice beast is lightly wounded.
The ice beast closely misses you.
Unknown command.
You completely miss the ice beast.
The ice beast is lightly wounded.
The ice beast hits you. The ice beast freezes you!
Ouch! That really hurt!
You die...

# #.# ##..............## *,,,**
###.####...##.#.........#**,,,,**
..............+.........+,,<,,,,*
#.#.####...##.#.........#**,,,,**
....# #.......##.......##**,*,***
#.###*#.#.##..$.......## *,,,,,,,
#.# *........###.....## *,,****,
#.# #.#.#(#..###..#+## *,,,,,,,
#.# #.#.*......Y@.#,* *,,,,*,,
#.# #,#.,.....##.##,* *,**,*,,
,,* *,##*##...##.#*,** *,**,*,,
*** *,,,,,..,.##.#,,,** *,,,,,,,
******#*,,,...,,,,* ****,***
**,*###,,,********,*
*,****,<,,,,,,,,,,*
*,,,,,,,*********** *******,*


You could see an ice beast.

Vanquished Creatures
  A dart slug (D:5)
1 creature vanquished.

Notes
Turn   | Place    | Note
-------+----------+-------------------------------------------
     0 | D:5      | lawman0 the Deep Elf Delver began the quest for the Orb.
     0 | D:5      | Reached XP level 1. HP: 13/13 MP: 3/3
   102 | D:5      | Noticed an ice beast
   132 | D:5      | Slain by an ice beast

Illustrated notes

Levels and vault maps discovered:
D:5:      layout_loops_corners, nicolae_wu_jian_immortal_techniques, uniq_edmund

Action                   || total
-------------------------++-------
Melee: Short sword       ||    12
  Use: Scroll            ||     1
Armor: Leather armour    ||     4
Dodge: Dodged            ||     8

Table legend: (Time is in decaauts)
 A = Elapsed time spent in this place.
 B = Non-inter-level travel time spent in this place.
 C = Inter-level travel time spent in this place.
 D = Time resting spent in this place.
 E = Time spent auto-exploring this place.
 F = Levels seen in this place.
 G = Mean time per level.
                   A        B        C        D        E       F      G
               +--------+--------+--------+--------+--------+-----+--------+
         Total |    132 |    132 |      0 |      0 |     95 |   1 |  132.0 |
       Dungeon |    132 |    132 |      0 |      0 |     95 |   1 |  132.0 |
               +--------+--------+--------+--------+--------+-----+--------+

Top non-repeatable levels by time:
     D:5: 132 daAuts
